 Dungeon Crawl Stone Soup version 0.23.2-1-ga50397a6bc (webtiles) character file.

Game seed: 840677170218909430

177 Mrkan the Ruffian (level 5, -8/50 HPs)
             Began as a Troll Monk on May 21, 2019.
             Mangled by an orc warrior
             ... wielding a +0 scimitar of draining
              (12 damage)
             ... on level 4 of the Dungeon.
             The game lasted 00:04:31 (2021 turns).

Mrkan the Ruffian (Troll Monk)                      Turns: 2021, Time: 00:04:32

Health: -8/50      AC:  6    Str: 19    XL:     5   Next: 31%
Magic:  4/4        EV: 10    Int:  6    God:
Gold:   96         SH:  0    Dex: 13    Spells: 4/4 levels left

rFire    . . .     SeeInvis .     - Unarmed
rCold    . . .     Gourm    +   (no shield)
rNeg     . . .     Faith    .   a - +0 robe
rPois    .         Spirit   .   (helmet restricted)
rElec    .         Reflect  .   (no cloak)
rCorr    .         Harm     .   (gloves unavailable)
MR       .....                  (boots unavailable)
Stlth    +.........             h - amulet of the acrobat
HPRegen  0.56/turn              (no ring)
MPRegen  0.09/turn              (no ring)

@: lightly drained
A: large, unfitting armour, claws 3, fast metabolism 3, gourmand, regeneration
1, shaggy fur 1, tough skin 3
a: no special abilities


You were on level 4 of the Dungeon.
You were completely stuffed.

You visited 1 branch of the dungeon, and saw 4 of its levels.

You collected 96 gold pieces.

Inventory:

Armour
 a - a +0 robe (worn)
Jewellery
 h - an amulet of the acrobat (around neck)
 r - a cursed -2 ring of dexterity {unknown}
Scrolls
 c - 4 scrolls of identify {unknown}
 g - 6 scrolls of remove curse {unknown}
 i - a scroll of fog {unknown}
 j - a scroll of noise {unknown}
 l - a scroll of amnesia {unknown}
 m - a scroll of immolation {unknown}
 n - a scroll of magic mapping {unknown}
 q - a scroll of random uselessness {unknown}
Potions
 d - a potion of berserk rage {unknown}
 e - a potion of haste {unknown}
 f - 2 potions of heal wounds {unknown}
 o - a potion of flight {unknown}
 p - a potion of might {unknown}
 s - a potion of degeneration {unknown}
 t - a potion of curing {unknown}
Comestibles
 b - 9 rations
 k - a chunk of flesh


   Skills:
 - Level 2.4(1.8) Fighting
 - Level 2.4(1.8) Dodging
 - Level 1.0(0.5) Stealth
 * Level 6.1(5.5) Unarmed Combat


You had 4 spell levels left.
You didn't know any spells.
Your spell library contained the following spells:

 Spells                   Type           Power        Failure   Level  Hunger
 Confusing Touch          Hex            #.....       45%         1    ##.....
 Confuse                  Hex            #.......     83%         3    ####...
 Gell's Gravitas          Tloc           #.........   83%         3    ####...
 Petrify                  Tmut/Erth      #.......     99%         4    #####..
 Metabolic Englaciation   Hex/Ice        #.........   100%        5    ######.
 Yara's Violent Unravell  Hex/Tmut       #.........   100%        5    ######.


Dungeon Overview and Level Annotations

Branches:
Dungeon (4/15)
 Temple: D:4-7

Altars:


Innate Abilities, Weirdness & Mutations

You are too large for most types of armour.
You have claws for hands.
Your metabolism is lightning-fast.
You like to eat raw meat.
Your natural rate of healing is unusually fast.
You are covered in fur. (AC +1)
You have extremely tough skin. (AC +3)


Message History

You kill the adder!
The orc priest calls down the wrath of Beogh upon you.
Beogh smites you!
The orc warrior hits you with a +0 scimitar of draining.
You feel drained. The worker ant misses you.
You completely miss the orc. The orc hits you but does no damage.
The orc warrior hits you with a +0 scimitar of draining.
* * * LOW HITPOINT WARNING * * *
You feel drained.
* * * LOW HITPOINT WARNING * * *
The worker ant bites you.
* * * LOW HITPOINT WARNING * * *
Okay, then.
You scratch the orc warrior.
The orc warrior is lightly wounded.
The worker ant barely misses you. The orc hits you with a +0 war axe!
* * * LOW HITPOINT WARNING * * *
You closely miss the worker ant.
The orc warrior hits you with a +0 scimitar of draining!
You die...

..P..♣...#.#..............###
.≈≈P≈≈≈≈≈P.#.............##
PP≈≈≈≈≈P≈≈.#............#
P≈≈≈≈≈≈PS≈.#...........#
≈.≈≈≈≈≈≈P≈........... ###
.≈♣≈.o.≈≈P..........# ##..
♣≈≈.≈≈≈)♣..#o######## ##...
..PP..♣..###o# #<... .##.#
##.o.o@# #.... .. #####a#
#.... .. #.# #.... ... #....
... ##... .?... #..÷ .....
#... ....... ##.. #..


You could see an orc warrior, a worker ant, an orc priest and 2 orcs.

Vanquished Creatures
  A hound (D:4)
  7 adders
  2 oozes (D:1)
  A worm (D:2)
  2 dart slugs
  3 leopard geckos
  An orc (D:4)
  4 giant cockroaches
  5 goblins
  8 hobgoblins
  11 kobolds
  3 quokkas
  7 bats
  8 frilled lizards
  9 rats
72 creatures vanquished.

Notes
Turn   | Place    | Note
-------+----------+-------------------------------------------
     0 | D:1      | Mrkan the Troll Monk began the quest for the Orb.
     0 | D:1      | Reached XP level 1. HP: 22/22 MP: 0/0
    63 | D:1      | Reached XP level 2. HP: 29/29 MP: 1/1
   136 | D:1      | Reached skill level 4 in Unarmed Combat
   303 | D:1      | Reached XP level 3. HP: 35/36 MP: 2/2
  1145 | D:2      | Reached XP level 4. HP: 37/44 MP: 3/3
  1168 | D:2      | Reached skill level 5 in Unarmed Combat
  1949 | D:4      | Reached XP level 5. HP: 46/50 MP: 4/4
  2003 | D:4      | Noticed an orc warrior
  2017 | D:4      | Reached skill level 6 in Unarmed Combat
  2021 | D:4      | Mangled by an orc warrior

Skill      XL: |  1  2  3  4  5 |
---------------+----------------+-----
Unarmed Combat | 4 5 6 |  6.1
Fighting       | |  2.4
Dodging        | |  2.4
Stealth        | |  1.0

Action                   |  1- 3 |  4- 6 || total
-------------------------+-------+-------++-------
Melee: Unarmed           |    90 |    58 ||   148
       Punch             |     2 |     1 ||     3
  Use: Scroll            |     2 |       ||     2
 Stab: Sleeping          |     5 |     1 ||     6
  Eat: Chunk             |    16 |     8 ||    24
Armor: Robe              |    19 |    15 ||    34
Dodge: Dodged            |    66 |    38 ||   104
